 Dungeon Crawl Stone Soup version 0.28-a0-533-g9f97627e2a (webtiles) character file.

Game seed: 9703929288239123484

1549 speeev33 the Covered (level 8, -1/53 HPs)
             Began as a Gargoyle Fighter on Sept 25, 2021.
             Was a Believer of Okawaru.
             Slain by a yak (12 damage)
             ... on level 5 of the Dungeon on Sept 26, 2021.
             The game lasted 00:05:48 (5532 turns).

speeev33 the Covered (Gargoyle Fighter)             Turns: 5532, Time: 00:05:48

Health: -1/53      AC: 19    Str: 23    XL:     8   Next: 87%
Magic:  8/8        EV: 14    Int:  8    God:    Okawaru [**....]
Gold:   181        SH:  4    Dex:  9    Spells: 7/7 levels left

rFire   . . .      SeeInvis +   a - +0 flail (venom)
rCold   . . .      Faith    .   c - +0 buckler
rNeg    + . .      Spirit   .   b - +0 scale mail
rPois   ∞          Reflect  .   p - +0 helmet
rElec   +          Harm     .   w - +1 cloak {rPois}
rCorr   .          Rampage  .   (no gloves)
Will    .....                   e - +1 pair of boots
Stlth   ..........              (no amulet)
HPRegen 0.17/turn               g - ring of see invisible
MPRegen 0.11/turn               l - +4 ring of evasion

@: no status effects
A: sickness immunity, AC +5, negative energy resistance 1, electricity
resistance, torment resistance 1, petrification resistance
a: Renounce Religion, Heroism


You were on level 5 of the Dungeon.
You worshipped Okawaru.
Okawaru was pleased with you.
You visited 2 branches of the dungeon, and saw 7 of its levels.

You collected 181 gold pieces.

Inventory:

Hand Weapons
 a - a +0 flail of venom (weapon)
Armour
 b - a +0 scale mail (worn)
 c - a +0 buckler (worn)
 e - a +1 pair of boots (worn)
 p - a +0 helmet (worn)
 w - a +1 cloak of poison resistance (worn)
Jewellery
 g - a ring of see invisible (left hand)
 l - a +4 ring of evasion (right hand)
Wands
 n - a wand of flame (32)
 o - a wand of polymorph (7)
 t - a wand of paralysis (10)
Scrolls
 k - a scroll of enchant armour
 q - a scroll of blinking {unknown}
 r - 3 scrolls of teleportation
 s - a scroll of magic mapping {unknown}
 v - a scroll of identify
Potions
 d - 2 potions of might
 f - 3 potions of heal wounds
 h - a potion of brilliance {unknown}
 i - a potion of attraction {unknown}
 j - a potion of lignification {unknown}
 m - a potion of mutation {unknown}
 u - 2 potions of haste {unknown}


   Skills:
 + Level 7.4 Fighting
 + Level 6.3 Maces & Flails
 + Level 7.5 Armour
 - Level 4.0 Shields


You had 7 spell levels left.
You didn't know any spells.
Your spell library contained the following spells:

 Spells                   Type           Power      Damage    Failure   Level
 Magic Dart               Conj           0%         1d3       69%         1
 Passwall                 Tmut/Erth      0%         N/A       83%         2
 Swiftness                Air            0%         N/A       96%         3
 Invisibility             Hex            0%         N/A       100%        6


Dungeon Overview and Level Annotations

Branches:
Dungeon (6/15)             Temple (1/1) D:4

Altars:
Cheibriados
Dithmenos
Kikubaaqudgha
Nemelex Xobeh
Okawaru
Qazlal
Ru
Sif Muna
Trog
Uskayaw
Vehumet
Wu Jian
Zin

Shops:
D:1 [=

Annotations:
D:6 Duvessa


Innate Abilities, Weirdness & Mutations

You are immune to sickness and miasma.
Your stone body is resilient. (AC +5)
You are immune to poison.
You resist negative energy. (rN+)
You are resistant to electric shocks. (rElec)
You are resistant to unholy torment.
You are immune to petrification.


Message History

You block the yak's attack. The yak gores you but does no damage.
You block the yak's attack.
You sock the yak!
The yak looks as sick as possible!
The yak is moderately wounded.
The yak closely misses you.
You hit the yak.
The yak looks as sick as possible!
The yak is heavily wounded.
The yak gores you.
You completely miss the yak.
The yak is severely wounded.
The yak gores you.
You thump the yak!
The yak looks as sick as possible!
The yak is almost dead.
You hit the yak.
The yak is poisoned.
The yak is lightly wounded.
You kill the yak!
Okawaru accepts your kill. The yak gores you.
Your Maces & Flails skill increases to level 6!
You sock the yak!
The yak looks as sick as possible!
The yak is heavily wounded.
The yak gores you but does no damage.
You hit the yak.
The yak looks as sick as possible!
The yak is severely wounded.
The yak gores you!
You hit the yak.
The yak is almost dead.
The yak gores you but does no damage.
You barely miss the yak.
The yak is almost dead.
You kill the yak!
Okawaru accepts your kill.
You hit the yak but do no damage.
The yak is poisoned.
The yak gores you but does no damage.
You hit the yak but do no damage.
The yak looks even sicker.
The yak gores you.
* * * LOW HITPOINT WARNING * * *
You sock the yak!
The yak is heavily wounded.
The yak closely misses you. The yak gores you!
You die...

#.##.###########..##≈≈.###.≈≈#
####..........>.......##≈≈≈≈≈≈≈##
.....#.........†.....#.###≈≈≈###
#.##.#.<####.###.....##.######
#.##.#....##.# #.#..##.##
..##)#.#...#.# #.##.#.##
.....))......# #Y##..##
.###)#.#...#.# #Y##.## ########
.# #.#.##.##.# #@##.# #....<.. .#
#.#.##.##.# #.##.# #.###### ##
####......# #.##.# #.# ###.####
#.##.# #.# #.# #.##.# ###.###
♣♣####.# #.##.# #.....# ♣♣P...#.#
#.##.####.....# ♣♣♣.......#
#.##..........# .♣.PP...###
#.#######.....####


You could see 2 yaks.

Vanquished Creatures
  Prince Ribbit (D:5)
  3 yaks (D:5)
  Menkaure (D:4)
  A water moccasin (D:5)
  A sky beast (D:5)
  An ogre (D:4)
  A howler monkey (D:4)
  A hound (D:3)
  2 jellies (D:4)
  2 orc priests (D:5)
  Crazy Yiuf (D:5)
  An iguana (D:4)
  4 orc wizards
  A hound zombie (D:5)
  2 hound skeletons
  Robin (D:4)
  3 adders (D:3)
  4 gnolls
  A dart slug (D:2)
  7 orcs
  5 bats
  8 endoplasms
  2 giant cockroaches
  14 goblins
  9 hobgoblins
  3 jackals (D:2)
  5 kobolds
  3 quokkas
  7 ball pythons
  7 frilled lizards
  7 rats
109 creatures vanquished.

Vanquished Creatures (others)
  4 toadstools (D:1)
4 creatures vanquished.

Grand Total: 113 creatures vanquished

Notes
Turn   | Place    | Note
-------+----------+-------------------------------------------
     0 | D:1      | speeev33 the Gargoyle Fighter began the quest for the Orb.
     0 | D:1      | Reached XP level 1. HP: 14/14 MP: 1/1
    16 | D:1      | Found a faded altar of an unknown god.
    47 | D:1      | Got Plato's Reference Book on Combat Magic
    85 | D:1      | Reached XP level 2. HP: 19/19 MP: 2/2
   491 | D:1      | Found Toukk's Jewellery Shoppe.
   508 | D:1      | Found Fainace Xuyn's Antique Armour Shop.
   534 | D:1      | Reached XP level 3. HP: 20/23 MP: 3/3
  1457 | D:2      | Reached XP level 4. HP: 9/29 MP: 4/4
  1938 | D:3      | Found a glowing silver altar of Zin.
  2071 | D:3      | Reached XP level 5. HP: 21/33 MP: 5/5
  2439 | D:3      | Found a snail-covered altar of Cheibriados.
  2446 | D:3      | Found a stormy altar of Qazlal.
  2975 | D:4      | Reached XP level 6. HP: 38/39 MP: 6/6
  3028 | D:4      | Noticed Menkaure
  3047 | D:4      | Killed Menkaure
  3048 | D:4      | Reached skill level 5 in Fighting
  3048 | D:4      | Reached skill level 5 in Armour
  3432 | D:4      | Reached XP level 7. HP: 44/44 MP: 7/7
  3439 | D:4      | Noticed Robin
  3484 | D:4      | Killed Robin
  3610 | D:4      | Found a sacrificial altar of Ru.
  3812 | D:4      | Found a staircase to the Ecumenical Temple.
  3855 | Temple   | Entered the Ecumenical Temple
  3952 | Temple   | Became a worshipper of Warmaster Okawaru
  4020 | D:5      | Entered Level 5 of the Dungeon
  4181 | D:5      | Reached skill level 5 in Maces & Flails
  4415 | D:5      | Found a bloodstained altar of Trog.
  4517 | D:5      | Noticed Prince Ribbit
  4527 | D:5      | Killed Prince Ribbit
  4527 | D:5      | Reached * piety under Okawaru
  4528 | D:5      | Reached XP level 8. HP: 34/52 MP: 8/8
  4655 | D:5      | Found a radiant altar of Vehumet.
  5087 | D:5      | Found a shimmering blue altar of Sif Muna.
  5217 | D:5      | Found a runed translucent door.
  5218 | D:5      | Noticed Crazy Yiuf
  5319 | D:5      | Killed Crazy Yiuf
  5362 | D:6      | Noticed a yak
  5362 | D:6      | Noticed a yak
  5363 | D:6      | Noticed a yak
  5363 | D:6      | Noticed a yak
  5363 | D:6      | Noticed a yak
  5364 | D:6      | Noticed a yak
  5368 | D:6      | Noticed Duvessa
  5383 | D:5      | Killed a yak
  5525 | D:5      | Killed a yak
  5529 | D:5      | Killed a yak
  5529 | D:5      | Reached ** piety under Okawaru
  5532 | D:5      | Slain by a yak

Illustrated notes

Levels and vault maps discovered:
D:1:      ldierk_water_garden, layout_basic, serial_shops, nicolae_shop_trees,
          nicolae_shop_crystal, shapermc_ecumenical_altar_rom_forum,
          minmay_pentomino_r2
D:2:      layout_loops_ring
D:3:      layout_basic, mainiacjoe_overflow_boulevard,
          nicolae_qazlal_scattered_showers, mainiacjoe_overflow_cross_hatched
D:4:      layout_rooms, mainiacjoe_overflow_tiny_flanked,
          minmay_temple_entry_drinking_statues, minmay_misc_feat_plants,
          uniq_robin, uniq_menkaure
D:5:      layout_loops_ring, vehumet_altar_wand_db, trog_butcher_becter,
          kennysheep_orc_sif_temple, uniq_crazy_yiuf_cottage,
          uniq_prince_ribbit1
D:6:      layout_cave_pools, uniq_edmund, uniq_grinder, uniq_duvessa
Temple:   minmay_temple_curvy_loop

Skill      XL: |  1  2  3  4  5  6  7  8 |
---------------+-------------------------+-----
Fighting       | 4 5 6 7 |  7.4
Armour         | 4 5 6 7 |  7.5
Shields        | 4 |  4.0
Maces & Flails | 3 4 5 6 |  6.3

Action                   |  1- 3 |  4- 6 |  7- 9 || total
-------------------------+-------+-------+-------++-------
Melee: Flail             |   122 |   132 |   148 ||   402
  Use: Scroll            |     2 |     4 |       ||     6
       Potion            |       |       |     1 ||     1
Armor: Scale mail        |    87 |    79 |    77 ||   243
Dodge: Dodged            |    67 |    83 |    95 ||   245
Block: Buckler           |    37 |    24 |    43 ||   104

Table legend: (Time is in decaauts)
 A = Elapsed time spent in this place.
 B = Non-inter-level travel time spent in this place.
 C = Inter-level travel time spent in this place.
 D = Time resting spent in this place.
 E = Time spent auto-exploring this place.
 F = Levels seen in this place.
 G = Mean time per level.
                   A        B        C        D        E       F      G
               +--------+--------+--------+--------+--------+-----+--------+
         Total |   5635 |   5500 |    135 |   1664 |   2842 |   7 |  805.0 |
       Dungeon |   5475 |   5401 |     74 |   1664 |   2752 |   6 |  912.5 |
        Temple |    159 |     98 |     61 |      0 |     90 |   1 |  159.0 |
               +--------+--------+--------+--------+--------+-----+--------+

Top non-repeatable levels by time:
     D:5: 1518 daAuts
     D:2: 1131 daAuts
     D:1: 1071 daAuts
     D:4: 951 daAuts
     D:3: 781 daAuts
  Temple: 159 daAuts
     D:6: 21 daAuts
